 Dungeon Crawl Stone Soup version 0.31-a0-1009-g454b1f1e0a (webtiles) character file.

Game seed: 13302433651072748370

29 Queen the Poker (level 3, 0/28 HPs)
             Began as a Merfolk Gladiator on Nov 15, 2023.
             Slain by a black bear (3 damage)
             ... on level 2 of the Dungeon.
             The game lasted 00:03:08 (1505 turns).

Queen the Poker (Merfolk Gladiator)                 Turns: 1505, Time: 00:03:08

Health: 0/28       AC:  4    Str: 16    XL:     3   Next: 16%
Magic:  3/3        EV: 13    Int:  7    God:
Gold:   55         SH:  0    Dex: 15    Spells: 2/2 levels left

rFire   . . .        a - +0 trident
rCold   . . .        (no shield)
rNeg    . . .        b - +0 leather armour
rPois   .            c - +0 helmet
rElec   .            l - scarf {repulsion}
rCorr   .            (no gloves)
SInv    .            (no boots)
Will    .....        (no amulet)
Stlth   +            (no ring)
HPRegen 0.24/turn    (no ring)
MPRegen 0.08/turn

%: repel missiles
@: no status effects
A: (nimble swimmer 2), mertail
a: no special abilities


You were on level 2 of the Dungeon.
You visited 1 branch of the dungeon, and saw 2 of its levels.

You collected 55 gold pieces.

Inventory:

Hand Weapons
 a - a +0 trident (weapon)
Missiles
 e - a javelin
 p - 2 poisoned darts
Armour
 b - a +0 leather armour (worn)
 c - a +0 helmet (worn)
 l - a scarf of repulsion (worn)
Jewellery
 q - a ring of protection from cold
Scrolls
 f - a scroll of fog {unknown}
 g - a scroll of fear {unknown}
 h - 2 scrolls of vulnerability {unknown}
 k - a scroll of noise {unknown}
 n - a scroll of amnesia {unknown}
 o - a scroll of poison {unknown}
 r - a scroll of identify {unknown}
Potions
 i - a potion of berserk rage {unknown}
 j - a potion of lignification {unknown}
 m - a potion of cancellation {unknown}
 s - a potion of curing {unknown}


   Skills:
 + Level 2.7 Fighting
 + Level 4.4 Polearms
 + Level 2.4 Throwing
 + Level 4.4 Dodging


You had 2 spell levels left.
You didn't know any spells.
Your spell library contained the following spells:

 Spells                   Type           Power      Damage    Failure   Level
 Sublimation of Blood     Necr           0%         N/A       65%         2
 Wereblood                Tmut           0%         N/A       65%         2
 Summon Hydra             Summ           0%         N/A       100%        7


Dungeon Overview and Level Annotations

Branches:
Dungeon (2/15)

Altars:


Innate Abilities, Weirdness & Mutations

((You are very nimble when in or above water. (Stealth+, EV+, Speed+++)))
Your lower body shifts to a powerful aquatic tail in water.


Message History

You hit the black bear.
The black bear is lightly wounded.
The black bear struggles against the net.
You strike the helpless black bear from behind!
You puncture the black bear!
The black bear is moderately wounded.
The black bear struggles against the net.
You catch the helpless black bear completely off-guard!
You hit the black bear but do no damage.
The black bear is moderately wounded.
The black bear struggles against the net.
You catch the helpless black bear completely off-guard!
You hit the black bear.
The black bear is severely wounded.
The black bear struggles against the net. x2
You completely miss the black bear.
The black bear is severely wounded.
The black bear struggles against the net.
The net rips apart, and the black bear comes free!
You puncture the black bear!
The black bear is almost dead.
The black bear goes berserk!
You barely miss the black bear.
The black bear is almost dead.
The black bear bites you. The black bear claws you. x2
You take 8 damage, and have 18/28 hp.
MASSIVE DAMAGE!!
You hit the black bear but do no damage.
The black bear is almost dead.
The black bear bites you! The black bear claws you.
* * * LOW HITPOINT WARNING * * *
The black bear claws you but does no damage.
The black bear closely misses you.
The black bear claws you but does no damage.
The black bear claws you.
* * * LOW HITPOINT WARNING * * *
You take 16 damage, and have 2/28 hp.
MASSIVE DAMAGE!!
You barely miss the black bear.
The black bear is almost dead.
The black bear closely misses you. The black bear claws you.
You die...

#.#... ### ....$+ ...
#...######.####
##...##.........
#...............
#(..............
#........##+####
....#h..†...# ..#
#.@...(.# .
###.......#
#............
##..############## #
#................#.#
#.##..##########....#
#.......# #....#.#
#.......#######.##.#
#
#............#..##.#


You could see a black bear (berserk).

Vanquished Creatures
  A worm (D:2)
  2 endoplasms (D:1)
  2 giant cockroaches (D:1)
  4 hobgoblins
  4 kobolds
  2 ball pythons
  6 goblins
21 creatures vanquished.

Notes
Turn   | Place    | Note
-------+----------+-------------------------------------------
     0 | D:1      | Queen the Merfolk Gladiator began the quest for the Orb.
     0 | D:1      | Reached XP level 1. HP: 16/16 MP: 1/1
   200 | D:1      | Reached XP level 2. HP: 19/23 MP: 2/2
  1374 | D:2      | Reached XP level 3. HP: 28/28 MP: 3/3
  1489 | D:2      | Noticed a black bear
  1505 | D:2      | Slain by a black bear

Illustrated notes

Levels and vault maps discovered:
D:1:      lemuel_arrival_tunnels, layout_loops_ring
D:2:      layout_basic, shapermc_ecumenical_altar_pompeii,
          nicolae_figureground_pulse, uniq_robin

Action                     || total
---------------------------++-------
  Melee: Trident           ||    66
  Throw: Throwing net      ||     3
   Stab: Held in net/web   ||     3
 Armour: Leather armour    ||    31
  Dodge: Dodged            ||    17

Table legend: (Time is in decaauts)
 A = Elapsed time spent in this place.
 B = Non-inter-level travel time spent in this place.
 C = Inter-level travel time spent in this place.
 D = Time resting spent in this place.
 E = Time spent auto-exploring this place.
 F = Levels seen in this place.
 G = Mean time per level.
                   A        B        C        D        E       F      G
               +--------+--------+--------+--------+--------+-----+--------+
         Total |   1510 |   1479 |     31 |     91 |   1221 |   2 |  755.0 |
       Dungeon |   1510 |   1479 |     31 |     91 |   1221 |   2 |  755.0 |
               +--------+--------+--------+--------+--------+-----+--------+

Top non-repeatable levels by time:
     D:1: 1272 daAuts
     D:2: 237 daAuts
